 Dungeon Crawl Stone Soup version 0.16-a0-3976-g683f154 (webtiles) character file.

2 trelanon the Vexing (level 1, 0/13 HPs)
             Began as a Vampire Enchanter on Feb 12, 2015.
             Succumbed to Skaafium's splash of poison
             ... on level 1 of the Dungeon.
             The game lasted 00:01:06 (131 turns).

trelanon the Vexing (Vampire Enchanter)              Turns: 131, Time: 00:01:06

Health: 0/13       AC:  5    Str:  7    XL:     1   Next: 25%
Magic:  3/3        EV: 13    Int: 17    God:
Gold:   0          SH:  0    Dex: 16    Spells: 0 memorised, 4 levels left

rFire  . . .     SeeInvis +     a - +1 dagger
rCold  . . .     Clarity  .     b - +1 robe
rNeg   + . .     SustAb   .     (no shield)
rPois  .         Gourm    .     (no helmet)
rElec  .         Spirit   .     (no cloak)
rCorr  .         Warding  .     (no gloves)
rMut   .         Stasis   .     (no boots)
MR     .....                    (no amulet)
Stlth  +++.......               (no ring)
                                (no ring)

@: lethally poisoned (0 -> -6), stone skin, very slightly contaminated,
invisible (expiring), not resistant to hostile enchantments, fairly stealthy
A: bottle blood, fangs 3, see invisible, agile 1, unbreathing
a: no special abilities


You were on level 1 of the Dungeon.
You were not thirsty.

You visited 1 branch of the dungeon, and saw 1 of its levels.


Innate Abilities, Weirdness & Mutations

You can bottle blood from corpses.
You have razor-sharp teeth.
You have supernaturally acute eyesight.
You can survive without breathing.
You are agile. (Dex +2)


   Skills:
 + Level 1.4 Short Blades
 - Level 2.1 Dodging
 - Level 4.4 Stealth
 - Level 2.0 Spellcasting
   Level 4.4 Hexes


You had 4 spell levels left.
You didn't know any spells.

Inventory:

Hand weapons
 a - a +1 dagger (weapon)
Armour
 b - a +1 robe (worn)
Books
 c - a book of Maledictions

Dungeon Overview and Level Annotations

Branches:
Dungeon (1/15)

Altars:
Nemelex Xobeh

############# .
..##...........#######..
...............##........
...............##........
..........B.....##..>....
................##...##
.....B....g...........# ..
..........N..........# ...
.###......V......_...#....#
#......b....(....##....#
.............#....##....#
...############.........+
.. ########........#
............##..#
............###. . ,
.............#
..[.......#..#


You could see Skaafium the naga, 2 giant cockroaches, a goblin and a bat.


Message History

The splash of poison misses you. The bat hits you but does no damage. x2
The bat hits you but does no damage.
Evoke which item? (* to show all) (? for menu, Esc to quit)
You draw a card...
It is the Elixir.
The bat hits you but does no damage.
Evoke which item? (* to show all) (? for menu, Esc to quit)
You draw a card...
It is the Helm.
The deck of cards disappears in a puff of smoke.
Your skin hardens.
The bat closely misses you. Skaafium spits poison at you.
The splash of poison hits you!
You are lethally poisoned!
* * * LOW HITPOINT WARNING * * *
You aren't carrying any items that can be evoked.
There's nothing here to drain!
You aren't carrying any items that can be evoked.
Read which item? (? for menu, Esc to quit)
As you read the scroll labeled XAUSAQOLIN, it crumbles to dust.
Forget which spell ([?*] list [ESC] exit)?
Forget which spell ([?*] list [ESC] exit)?
Forget which spell ([?*] list [ESC] exit)?
Your memory of Corona unravels.
It was a scroll of amnesia.
* * * LOW HITPOINT WARNING * * *
You feel sick. The bat closely misses you.
Drink which item? (? for menu, Esc to quit)
Yummy - fresh blood!
The bat barely misses you.
You aren't carrying any potions.
You hit Skaafium but do no damage.
You flicker for a moment.
You die...

Action                   || total
-------------------------++-------
Melee: Dagger            ||    16
Evoke: Deck              ||     8
  Use: Scroll            ||     1
       Potion            ||     1

Vault maps used:
D:1:      dpeg_arrival_simpleton_b, serial_glass, glass_columns_a,
          glass_columns_b, glass_columns_b, glass_columns_a, nemelex_deck

Notes
Turn   | Place    | Note
--------------------------------------------------------------
     0 | D:1      | trelanon, the Vampire Enchanter, began the quest for the Orb.
     0 | D:1      | Reached XP level 1. HP: 13/13 MP: 3/3
    89 | D:1      | Found a sparkling altar of Nemelex Xobeh.
   121 | D:1      | Noticed Skaafium
   122 | D:1      | Gained mutation: You are agile. (Dex +2) [helix card]
   123 | D:1      | HP: 1/13 [goblin (3)]
   129 | D:1      | HP: 1/13 [poisoned by Skaafium (splash of poison)]
   131 | D:1      | Succumbed to Skaafium's splash of poison

Vanquished Creatures
  A kobold (D:1)
  2 rats (D:1)
3 creatures vanquished.
